 Dungeon Crawl Stone Soup version 0.27.0-1-g7a089689b8 (webtiles) character file.

Game seed: 5106575498397834439

9146 freelancePsychic the Thaumaturge (level 11, -7/84 HPs)
             Began as a Djinni Artificer on Aug 13, 2021.
             Was an Elder of Elyvilon.
             Mangled by an ice devil (11 damage)
             ... in a Gauntlet.
             The game lasted 00:18:16 (12779 turns).

freelancePsychic the Thaumaturge (DjAr)            Turns: 12779, Time: 00:18:17

Health: -7/84      AC: 13    Str: 18    XL:     11   Next: 69%
Gold:   787        EV: 10    Int: 17    God:    Elyvilon [****..] SH:  0 Dex: 13

rFire    + + .     SeeInvis .   l - +0 dagger (venom)
rCold    + . .     Faith    .   (no shield)
rNeg     . . .     Spirit   .   M - +4 scale mail "Ulur" {rC+ Str+7}
rPois    ∞         Reflect  .   w - +0 helmet
rElec    .         Harm     .   (no cloak)
rCorr    .         Rampage  .   O - +0 pair of gloves
Will     +....     NoTele   +   (boots unavailable)
Stlth    ..........             (no amulet)
HPRegen  0.24/turn              j - ring of wizardry
MPRegen  0.00/turn              z - ring of protection from cold

@: flying
A: sickness immunity, fire resistance 2, cold vulnerability 1, float, innate
caster, hp casting, extra vitality 1
a: Renounce Religion, Lesser Healing, Heal Other, Purification, Greater Healing,
Divine Protection


You were in a Gauntlet.
You worshipped Elyvilon.
Elyvilon was greatly pleased with you.
You visited 1 branch of the dungeon, and saw 11 of its levels.
You also visited: Gauntlet.

You collected 787 gold pieces.

Inventory:

Hand Weapons
 a - a +0 club
 l - a +0 dagger of venom (weapon)
Missiles
 C - 2 throwing nets
Armour
 w - a +0 helmet (worn)
 y - a +3 leather armour
 M - the +4 scale mail "Ulur" (worn) {rC+ Str+7}
   (You found it on level 8 of the Dungeon)

   Str:       It affects your strength (+7).
   rC:        It protects you from cold.
 O - a +0 pair of gloves (worn)
 Q - a +0 troll leather armour
Magical Staves
 L - a staff of earth
Jewellery
 h - a +4 ring of protection
 j - a ring of wizardry (left hand)
 u - a +4 ring of protection
 z - a ring of protection from cold (right hand)
 G - the ring of Ydusakuc {rPois rC- rCorr MP+9 Int+7}
   (You found it in a Gauntlet)

   [ring of magical power]

   Int:       It affects your intelligence (+7).
   rC:        It makes you vulnerable to cold.
   rPois:     It protects you from poison.
   MP:        It affects your magic capacity (+9).
   rCorr:     It protects you from acid and corrosion.
Wands
 c - a wand of flame (9) (quivered)
 d - a wand of charming (15)
 H - a wand of iceblast (13)
 K - a wand of polymorph (7)
Scrolls
 f - a scroll of brand weapon
 g - 2 scrolls of noise
 n - 2 scrolls of fear
 o - 2 scrolls of enchant armour
 q - 6 scrolls of teleportation {@r4}
 s - 2 scrolls of torment
 t - a scroll of immolation
 D - 2 scrolls of vulnerability
 F - a scroll of magic mapping
 P - a scroll of silence {unknown}
Potions
 b - 2 potions of cancellation {unknown}
 i - 3 potions of brilliance {unknown}
 k - 5 potions of heal wounds {unknown}
 m - 3 potions of invisibility {unknown}
 p - a potion of ambrosia {unknown}
 r - 3 potions of haste {@q3}
 v - a potion of mutation {unknown}
 x - 6 potions of curing {unknown}
 A - a potion of berserk rage {unknown}
 B - a potion of might {unknown}
 E - a potion of magic {unknown}
 J - 2 potions of attraction {unknown}
 N - a potion of degeneration {unknown}
Miscellaneous
 e - a piece from Xom's chessboard (15/15)


   Skills:
 + Level 9.0 Fighting
 + Level 5.0 Armour
 - Level 2.1 Dodging
 - Level 0.7 Stealth
 * Level 9.5 Spellcasting
 - Level 7.0 Invocations
 - Level 3.0 Evocations


You had 15 spell levels left.
You knew the following spells:

 Your Spells              Type           Power      Damage    Failure   Level
a - Foxfire               Conj/Fire      100%       2x1d9     1%          1
b - Blink                 Tloc           N/A        N/A       1%          2
c - Corpse Rot            Necr/Air       N/A        N/A       1%          2
d - Olgreb's Toxic Radia  Pois           40%        N/A       2%          4
e - Agony                 Necr           40%        N/A       6%          5
Your spell library was empty.

Dungeon Overview and Level Annotations

Branches:
Dungeon (11/15)            Temple (0/1) D:7            Lair (0/6) D:10
    Orc (0/2) D:9         Gauntlet (1/1)

Altars:
Elyvilon
Uskayaw

Shops:
D:7 :

Annotations:
Gauntlet 6 transporters, 2 runed translucent doors


Innate Abilities, Weirdness & Mutations

You are immune to sickness and miasma.
You are immune to poison.
Your flesh is very heat resistant. (rF++)
You are vulnerable to cold. (rC-)
You float through the air rather than walking.
You learn spells naturally, not from books.
Your magical power is your life essence.
You have superior vitality. (+4 HP)


Message History

No reachable target in view!
No reachable target in view!
No reachable target in view!
No reachable target in view!
You start resting.
The very large slime creature jiggles.
The jelly jiggles.
The very large slime creature jiggles.
The jelly jiggles.
HP restored.
There is a transporter here.
You remove your +4 ring of protection.
z - a ring of protection from cold (right hand)
You enter the transporter and appear at another place.
The blizzard demon gestures at you. The freezing blast engulfs you! You resist.
You are engulfed in freezing vapours.
You resist.
Really fly into that net trap?
Okay, then.
The blizzard demon gestures at you.
The bolt of cold hits the ice devil.
The ice devil completely resists.
The bolt of cold hits you! You resist.
You see here the ring of Ydusakuc {rPois rC- rCorr MP+9 Int+7}.
G - the ring of Ydusakuc {rPois rC- rCorr MP+9 Int+7} The blizzard demon waves its arms in wide circles.
The air twists around and strikes you!!
The blizzard demon waves its arms in wide circles.
The air twists around and strikes you!
* * * LOW HITPOINT WARNING * * *
The ice devil hits you but does no damage.
You see here 18 bolts.
The blizzard demon gestures at you. The freezing blast engulfs you! You resist.
* * * LOW HITPOINT WARNING * * *
There is a transporter here.
You enter the transporter and appear at another place.
The flying skull gives a hideous shriek! x2
You hear a hideous shriek! x3
The ice devil hits you!
You die...

#≈..#z#.©.#.#..#.........#.§##
##..#zz.zz..#..#..☼..§...#.§≈#
#≈..#z#.#.#z#..#.^§○§☼...#.§##
##..#z$?©z[.#..#..☼☼§☼4..#..≈#
#≈..#########..###########..##
##...........∩..............≈#
#§..........................##
###§#≈#≈#≈########≈#≈#§#§#≈##
#########.©..@.###########
#...4.4# ...........
............. #.#.#######.#.#
#.#. .# # #


You could see 3 ice devils and 4 flying skulls.

Vanquished Creatures
  3 two-headed ogres
  A manticore (D:10)
  A komodo dragon (D:6)
  4 trolls
  2 wraiths
  4 yaks (D:10)
  2 wyverns (D:8)
  Menkaure (D:5)
  A water moccasin (D:7)
  2 orc warriors
  A sky beast (D:6)
  2 necrophages (D:10)
  A black bear (D:6)
  2 ice beasts (D:5)
  3 ogres
  3 centaurs
  2 phantoms (D:5)
  4 scorpions
  3 bullfrogs
  A water moccasin zombie (D:5)
  5 killer bees
  2 wights (D:10)
  A bullfrog zombie (D:5)
  2 centaur zombies
  4 orc priests
  2 bullfrog skeletons
  2 centaur skeletons (D:7)
  A gnoll shaman (D:7)
  4 hounds
  3 jellies
  3 iguanas
  8 orc wizards
  Natasha (thrice) (D:2)
  A killer bee zombie (D:6)
  3 mummies (D:10)
  3 gnolls (D:7)
  7 adders
  A howler monkey skeleton (D:5)
  2 worms
  46 orcs
  5 endoplasms
  3 giant cockroaches
  5 goblins
  4 hobgoblins (D:1)
  14 jackals
  7 kobolds
  2 quokkas
  5 ball pythons
  4 bats
  4 frilled lizards
  6 rats
205 creatures vanquished.

Vanquished Creatures (others)
  A shadow imp (D:7)
  1135 foxfires
  4 withered plants (Gauntlet)
1140 creatures vanquished.

Grand Total: 1345 creatures vanquished

Notes
Turn   | Place    | Note
-------+----------+-------------------------------------------
     0 | D:1      | freelancePsychic the Djinni Artificer began the quest for
                  | the Orb.
     0 | D:1      | Reached XP level 1. HP: 17/17 MP: 0/0
   162 | D:1      | Reached XP level 2. HP: 22/22 MP: 0/0
   282 | D:1      | Found a faded altar of an unknown god.
   384 | D:1      | Became a worshipper of Elyvilon the Healer
   384 | D:1      | Reached * piety under Elyvilon
   526 | D:1      | Reached skill level 1 in Spellcasting
   654 | D:1      | Reached XP level 3. HP: 8/28 MP: 0/0
   654 | D:1      | Learned a level 1 spell: Foxfire
  1150 | D:2      | Noticed Natasha
  1165 | D:2      | Killed Natasha
  1166 | D:2      | Reached XP level 4. HP: 21/33 MP: 0/0
  1320 | D:2      | Noticed Natasha
  1321 | D:2      | Reached skill level 1 in Invocations
  1323 | D:2      | Killed Natasha
  1520 | D:2      | Noticed Natasha
  1523 | D:2      | Killed Natasha
  1524 | D:2      | Reached XP level 5. HP: 36/39 MP: 0/0
  1524 | D:2      | Learned a level 2 spell: Blink
  1557 | D:2      | Reached ** piety under Elyvilon
  2867 | D:3      | Reached *** piety under Elyvilon
  3161 | D:4      | Noticed an ogre
  3168 | D:4      | Killed an ogre
  3169 | D:4      | Reached XP level 6. HP: 38/46 MP: 0/0
  3607 | D:4      | Reached XP level 7. HP: 45/50 MP: 0/0
  3607 | D:4      | Learned a level 2 spell: Corpse Rot
  3859 | D:4      | Found a hide-covered altar of Uskayaw.
  4450 | D:5      | Entered Level 5 of the Dungeon
  4800 | D:5      | Reached XP level 8. HP: 33/58 MP: 0/0
  5206 | D:5      | Reached skill level 5 in Spellcasting
  5307 | D:5      | Noticed Menkaure
  5313 | D:5      | Killed Menkaure
  5314 | D:5      | Reached skill level 5 in Fighting
  5705 | D:6      | Reached XP level 9. HP: 45/65 MP: 0/0
  5705 | D:6      | Learned a level 4 spell: Olgreb's Toxic Radiance
  5967 | D:6      | Reached skill level 5 in Invocations
  6008 | D:6      | Reached **** piety under Elyvilon
  6470 | D:6      | Noticed a two-headed ogre
  6471 | D:6      | Noticed a komodo dragon
  6495 | D:6      | Killed a komodo dragon
  6523 | D:6      | Killed a two-headed ogre
  7051 | D:7      | Reached XP level 10. HP: 70/73 MP: 0/0
  7915 | D:7      | Found Zeyfu's Book Shoppe.
  7949 | D:7      | Found a staircase to the Ecumenical Temple.
  9051 | D:8      | Identified the +4 scale mail "Ulur" {rC+ Str+7}
  9986 | D:9      | Found a staircase to the Orcish Mines.
 10234 | D:9      | You are sucked into a shaft and drop 1 floor!
 10234 | D:10     | Entered Level 10 of the Dungeon
 10303 | D:10     | Noticed a two-headed ogre
 10315 | D:10     | Killed a two-headed ogre
 10525 | D:10     | Reached XP level 11. HP: 71/81 MP: 0/0
 10525 | D:10     | Learned a level 5 spell: Agony
 10593 | D:10     | Noticed a manticore
 10606 | D:10     | Killed a manticore
 11051 | D:10     | Found a staircase to the Lair.
 11051 | D:10     | Noticed a fire dragon
 11080 | D:10     | Pacified a fire dragon
 12102 | D:11     | Noticed a two-headed ogre
 12111 | D:11     | Killed a two-headed ogre
 12113 | D:11     | Found a gate leading to a gauntlet.
 12122 | Gauntlet | Entered a Gauntlet
 12122 | Gauntlet | Found a transporter.
 12122 | Gauntlet | Found a runed translucent door.
 12122 | Gauntlet | Found a transporter.
 12122 | Gauntlet | Found a runed translucent door.
 12122 | Gauntlet | Noticed a spectral death yak
 12124 | Gauntlet | Noticed a death scarab
 12278 | Gauntlet | Found a transporter.
 12278 | Gauntlet | Found a transporter.
 12288 | Gauntlet | Found a transporter.
 12290 | Gauntlet | Found a transporter.
 12300 | Gauntlet | Found a transporter.
 12309 | Gauntlet | Noticed a blizzard demon
 12320 | Gauntlet | Found a transporter.
 12335 | Gauntlet | Found a transporter.
 12338 | Gauntlet | Found a transporter.
 12338 | Gauntlet | Noticed a large abomination
 12346 | Gauntlet | Found a transporter.
 12349 | Gauntlet | Found a transporter.
 12432 | Gauntlet | Pacified a death scarab
 12433 | Gauntlet | Reached skill level 5 in Armour
 12775 | Gauntlet | Identified the ring of Ydusakuc {rPois rC- rCorr MP+9
                  | Int+7}
 12778 | Gauntlet | HP: 4/84 [blizzard demon/freezing blast (11)]
 12779 | Gauntlet | Mangled by an ice devil

Illustrated notes

Levels and vault maps discovered:
D:1:      dpeg_arrival_leaves_temple_mockup, layout_basic,
          hellmonk_ecumenical_altar_lost_god, minmay_misc_feat_cross
D:2:      layout_basic, uniq_natasha
D:3:      layout_basic
D:4:      layout_rooms, nicolae_overflow_hidden_temple, minivault_19,
          minmay_liquid_box, minmay_box_of_dots
D:5:      layout_cave_pools, serial_glass, glass_columns_a, glass_columns_b,
          uniq_menkaure
D:6:      minmay_cornered_nines, layout_basic, minivault_27, minmay_small_thing
D:7:      layout_basic, minmay_temple_entry_proselytizer, serial_shops,
          nicolae_take_the_stairs, palyth_stone_intersect, lemuel_flamethrower_1
D:8:      layout_loops_ring, serial_park_tiny_2
D:9:      layout_roguey, hiddenorc2_lemuel, uniq_joseph
D:10:     layout_roguey, minmay_lair_entry_lava, serial_undead, serial_undead_a,
          serial_undead_c, serial_undead_d, serial_undead_a
D:11:     layout_cave_pools, gauntlet_entry_generic, serial_column_ruins,
          column_ruins_hut_pillars, column_ruins_open_small,
          column_ruins_open_tiny, column_ruins_columns_straight,
          column_ruins_corridor_straight, column_ruins_open_medium,
          column_ruins_columns_straight, column_ruins_open_tiny, uniq_sonja
Gauntlet: minmay_gauntlet_mixed_big_or_small [gammafunk_gauntlet_arena_chambers,
          minmay_gauntlet_arena_77_shame_cube, nicolae_gauntlet_swirl,
          minmay_gauntlet_arena_77_terracotta_army,
          gammafunk_gauntlet_arena_open, minmay_gauntlet_arena_77_museum,
          nicolae_gauntlet_exit_dead_adventurers]

Skill      XL: |  1  2  3  4  5  6  7  8  9 10 11 |
---------------+----------------------------------+-----
Spellcasting   | 1 2 3 4 5 6 8 9 |  9.5
Fighting       | 2 3 4 5 6 8 9 |  9.0
Invocations    | 1 2 3 4 6 7 |  7.0
Armour         | 3 5 |  5.0
Dodging        | |  2.1
Stealth        | |  0.7
Evocations     | |  3.0

Action                   |  1- 3 |  4- 6 |  7- 9 | 10-12 || total
-------------------------+-------+-------+-------+-------++-------
Melee: Club              |    25 |       |       |       ||    25
       Dagger            |    22 |    48 |     7 |    16 ||    93
 Cast: Foxfire           |    18 |   102 |   218 |   297 ||   635
       Olgreb's Toxic Ra |       |       |     7 |    21 ||    28
Invok: Purification      |       |       |     2 |     1 ||     3
       Greater Healing   |       |       |     1 |     4 ||     5
       Heal Other        |       |       |       |     3 ||     3
       Lesser Healing    |       |       |       |     1 ||     1
Evoke: Wand              |    13 |       |       |       ||    13
  Use: Scroll            |       |       |     6 |     5 ||    11
       Potion            |       |       |       |     1 ||     1
 Stab: Sleeping          |       |     2 |       |       ||     2
Armor: Leather armour    |    13 |    21 |    27 |    22 ||    83
       Scale mail        |       |       |       |   131 ||   131
Dodge: Dodged            |    29 |    34 |    45 |   119 ||   227
